[Event "22nd Hoogeveen Open 2018"]
[Site "Hoogeveen"]
[Date "2018.10.21"]
[Round "2"]
[White "Dev, Shah"]
[Black "Maters, Arthur"]
[Result "1-0"]
[ECO "D85"]
[WhiteElo "2146"]
[BlackElo "1933"]
[Annotator "NA"]
[PlyCount "87"]
[EventDate "2018.10.20"]
[EventType "swiss"]
[EventCountry "NED"]
[SourceTitle "playchess.com"]
[Source "ChessBase"]
[SourceQuality "1"]
[TimeControl "40/5400+30:1800+30"]

1. d4 Nf6 2. c4 g6 3. Nc3 d5 4. cxd5 Nxd5 5. e4 Nxc3 6. bxc3 Bg7 7. Nf3 Bg4 {[%emt 0:00:30] D85: Exchange Grünfeld: Unusual White 7th moves and lines with 7 Nf3} (7... c5 8. Be2 Bg4 9. Rb1 O-O 10. O-O cxd4 11. cxd4 Bxf3 12. Bxf3 Bxd4 13. Rxb7 Nc6 14. Qa4 Qc8 15. Rb3 Qe6 16. e5 Rac8 17. Bxc6 Qxc6 18. Qxd4 Qxc1 19. e6 Qc5 20. exf7+ Rxf7 21. Qd2 Qc2 22. Qe3 Qxa2 {½-½ (45) Andreikin,D (2710)-Nepomniachtchi,I (2768) Satka 2018}) 8. Qb3 $146 ({Predecessor:} 8. h3 Bxf3 9. Qxf3 c5 10. Bc4 O-O 11. d5 Nd7 12. Bf4 Ne5 13. Bxe5 Bxe5 14. O-O {½-½ (14) Susterman,L (2303)-Ianocichin,V (2251) Kishinev 2008}) 8... Bxf3 9. gxf3 Nd7 10. Be3 O-O 11. Bg2 c5 12. O-O ({Don't play} 12. Qxb7 cxd4 13. cxd4 Nc5 $15) (12. dxc5 Qa5 $15) 12... Qc7 13. f4 e6 14. Rfd1 Rab8 15. Rac1 Rfd8 16. Kh1 b6 (16... b5 $11) 17. Rg1 (17. e5 $14) 17... Nf6 18. Qd1 h5 19. h3 Qe7 20. Qf3 Qd7 21. Rgd1 Qc6 22. d5 exd5 23. e5 Nh7 24. c4 Qe6 25. cxd5 Qf5 26. h4 Qg4 27. Qxg4 hxg4 28. Kh2 f5 29. d6 Bf8 30. Rd2 Kf7 31. Rcd1 Nf6 32. exf6 Kxf6 33. d7 Be7 34. Bc6 Rh8 35. Kg2 Rbf8 36. Rd3 Bd8 37. Bc1 Kf7 38. Bb2 $18 Rxh4 39. Re1 g5 40. Bd5+ Kg6 41. Re8 gxf4 42. Rxf8 f3+ 43. Bxf3 gxf3+ 44. Rxf3 1-0

[Event "22nd Hoogeveen Open 2018"]
[Site "Hoogeveen"]
[Date "2018.10.21"]
[Round "2"]
[White "Vroombout, Enrico"]
[Black "Emans, Job"]
[Result "1/2-1/2"]
[ECO "A13"]
[WhiteElo "2132"]
[BlackElo "1927"]
[Annotator "NA"]
[PlyCount "58"]
[EventDate "2018.10.20"]
[EventType "swiss"]
[EventCountry "NED"]
[SourceTitle "playchess.com"]
[Source "ChessBase"]
[SourceQuality "1"]
[TimeControl "40/5400+30:1800+30"]

1. b3 Nf6 2. Bb2 e6 3. e3 d5 4. Nf3 Be7 5. Be2 O-O 6. O-O c5 7. d4 Nc6 8. Nbd2 b6 9. c4 {[%emt 0:20:08] LiveBook: 11 Games} Bb7 10. dxc5 Bxc5 11. a3 d4 12. exd4 Nxd4 13. Nxd4 Bxd4 14. Bxd4 Qxd4 15. Bf3 $11 Rab8 16. Ne4 Qxd1 17. Nxf6+ gxf6 18. Rfxd1 Bxf3 19. gxf3 Rfd8 20. Kf1 Kf8 21. Ke2 Ke7 22. Rxd8 Rxd8 23. Rg1 f5 24. Rg7 Kf6 25. Rxh7 Kg6 26. Rh3 f4 27. Rh4 f5 28. Rh3 e5 29. Rh4 Kg7 1/2-1/2

[Event "22nd Hoogeveen Open 2018"]
[Site "Hoogeveen"]
[Date "2018.10.21"]
[Round "2"]
[White "Hilwerda, Jonas"]
[Black "Bleeker, Kasper"]
[Result "1-0"]
[ECO "C58"]
[WhiteElo "2109"]
[BlackElo "1891"]
[Annotator "NA"]
[PlyCount "73"]
[EventDate "2018.10.20"]
[EventType "swiss"]
[EventCountry "NED"]
[SourceTitle "playchess.com"]
[Source "ChessBase"]
[SourceQuality "1"]
[TimeControl "40/5400+30:1800+30"]

1. e4 e5 2. Nf3 Nc6 3. Bc4 Nf6 4. Ng5 d5 5. exd5 Na5 6. Bb5+ c6 7. dxc6 bxc6 8. Bd3 Nd5 {[%emt 0:00:06] C58: Two Knights: 4 Ng5 d5 5 exd5 Na5 sidelines} 9. h4 ({Weaker is} 9. Qh5 g6 $17) (9. Nf3 Bd6 10. O-O O-O 11. Re1 f5 12. Nxe5 Qf6 13. Nf3 g5 14. g3 f4 15. Nc3 fxg3 16. hxg3 Nxc3 17. dxc3 {½-½ (52) Kovalev,V (2639)-Demchenko,A (2660) Riadh 2017}) 9... Be7 10. Qf3 f5 11. Bxf5 Rf8 12. Qh5+ g6 13. Bxg6+ hxg6 14. Qxg6+ Kd7 15. d3 Rf6 $146 ({Predecessor:} 15... Kc7 16. Bd2 {0-1 (78) Tokhirjonova,G (2379)-Monnisha,G (2295) Mumbai 2018}) 16. Qe4 Qb6 (16... Kc7 $16) 17. O-O Bb7 18. Nd2 Re8 19. Qg4+ Kc7 {[%emt 0:00:47] [#]} 20. Nde4 (20. b4 $1 $18 Qxb4 21. Nde4) 20... Bc8 21. Qh5 Rff8 22. Nf7 Nb7 23. Qxe5+ ({Not} 23. Bh6 Rg8 $18) 23... Bd6 24. Qg7 Rg8 $18 25. Qh7 Bd7 26. c4 Nf4 27. Nfxd6 Ne2+ 28. Kh1 Nxd6 29. c5 Qb4 30. cxd6+ Kc8 31. Nf6 Rg7 32. Qh5 Rf8 33. Bg5 Nf4 34. Qh6 Ne6 35. Rae1 Rgf7 36. Nxd7 Kxd7 37. Qxe6# 1-0

[Event "22nd Hoogeveen Open 2018"]
[Site "Hoogeveen"]
[Date "2018.10.21"]
[Round "2"]
[White "Van Dorp, Folke"]
[Black "Husers, Yannic"]
[Result "1-0"]
[ECO "C46"]
[WhiteElo "2097"]
[BlackElo "1866"]
[Annotator "NA"]
[PlyCount "53"]
[EventDate "2018.10.20"]
[EventType "swiss"]
[EventCountry "NED"]
[SourceTitle "playchess.com"]
[Source "ChessBase"]
[SourceQuality "1"]
[TimeControl "40/5400+30:1800+30"]

1. e4 e5 2. Nf3 Nc6 3. Nc3 Bb4 4. Nd5 Be7 5. Bc4 Nf6 6. d3 h6 7. c3 d6 8. h3 O-O 9. b4 Nh7 (9... Nxd5 $11 {remains equal.} 10. Bxd5 (10. exd5 Nb8 $11) 10... Be6) 10. O-O Kh8 11. d4 f5 12. exf5 e4 $16 ({Black should play} 12... Bxf5 $14 13. dxe5 (13. Nxe7 Qxe7 14. Re1 e4 $14) 13... Nxe5 14. Nxe5 dxe5) 13. Nh2 (13. g4 $16 exf3 14. Nf4) 13... Bxf5 14. Qh5 Ng5 15. Ng4 Kh7 16. Nxe7 Qxe7 17. Ne3 Bg6 18. Qg4 h5 19. Qg3 Nf3+ 20. gxf3 Rxf3 21. Qg2 Raf8 22. Be2 Qh4 23. Bxf3 Rxf3 24. Nd5 Rf5 25. Nxc7 Ne7 26. Ne6 Nd5 27. Bg5 1-0

[Event "22nd Hoogeveen Open 2018"]
[Site "Hoogeveen"]
[Date "2018.10.21"]
[Round "2"]
[White "Jelic, Bruno"]
[Black "Damen, Jip"]
[Result "0-1"]
[ECO "A32"]
[WhiteElo "2076"]
[BlackElo "2192"]
[Annotator "NA"]
[PlyCount "106"]
[EventDate "2018.10.20"]
[EventType "swiss"]
[EventCountry "NED"]
[SourceTitle "playchess.com"]
[Source "ChessBase"]
[SourceQuality "1"]
[TimeControl "40/5400+30:1800+30"]

1. d4 e6 2. c4 Nf6 3. Nf3 c5 4. Nc3 cxd4 5. Nxd4 {[%emt 0:01:45] LiveBook: 2115 Games} d5 6. cxd5 Nxd5 7. Bd2 e5 {[%emt 0:04:23] A32: Symmetrical English: 2 Nf3 Nf6 3 d4 cxd4 4 Nxd4 e6} (7... Be7 8. e4 Nxc3 9. Bxc3 O-O 10. Be2 Qb6 11. Qb3 Qxb3 12. Nxb3 Rd8 13. f3 b6 14. Rd1 Rxd1+ 15. Kxd1 Ba6 {½-½ (48) Mamedyarov,S (2808)-So,W (2778) Paris 2018}) 8. Nb3 $146 ({Predecessor:} 8. Ndb5 Be6 9. Nxd5 Bxd5 10. Bc3 Bc6 11. Qxd8+ Kxd8 12. O-O-O+ Nd7 13. e3 a6 14. Ba5+ b6 15. Bxb6+ {0-1 (23) Ribli,Z (2585)-Csiszar,C (2435) Hungary 2005}) 8... Nc6 9. g3 Be6 10. Bg2 Be7 11. O-O O-O 12. Nxd5 Bxd5 13. Bc3 Bxg2 14. Qd2 Qd6 15. Qxd6 Rfe8 16. Qd8 Rexd8 17. Kxg2 f6 18. Rfd1 Kf7 19. Na5 Nxa5 20. Bxa5 b6 21. Bc3 Ke6 22. e4 Rac8 23. f4 exf4 24. gxf4 g6 (24... f5 $5 25. Kf3 g6 $15) 25. Kf3 b5 26. a3 Rxd1 27. Rxd1 Bxa3 28. Bd4 Be7 29. Ra1 Rc4 30. Ra6+ Bd6 31. Bxa7 Ra4 32. Rxa4 $17 bxa4 33. h3 Bb4 34. Bd4 Bd2 35. Bc5 h6 36. Bd4 f5 37. Bg7 Bb4 38. Bd4 Be7 39. Bc3 Bd8 40. Bd4 fxe4+ 41. Kxe4 Bf6 42. Bxf6 Kxf6 43. h4 Ke6 44. Kf3 Kf5 45. Kg3 Ke4 46. Kg4 Kd3 47. h5 gxh5+ 48. Kxh5 Ke4 49. Kxh6 Kxf4 50. Kg6 Ke4 51. Kf6 Kd4 52. Ke6 Kc4 53. Kd6 Kb3 0-1

[Event "22nd Hoogeveen Open 2018"]
[Site "Hoogeveen"]
[Date "2018.10.21"]
[Round "2"]
[White "Van de Pavoordt, Max"]
[Black "De Jong, Migchiel"]
[Result "0-1"]
[ECO "A48"]
[WhiteElo "2034"]
[BlackElo "2309"]
[Annotator "NA"]
[PlyCount "76"]
[EventDate "2018.10.20"]
[EventType "swiss"]
[EventCountry "NED"]
[SourceTitle "playchess.com"]
[Source "ChessBase"]
[SourceQuality "1"]
[TimeControl "40/5400+30:1800+30"]

1. d4 Nf6 2. Nf3 g6 3. Bf4 Bg7 4. e3 c5 5. c3 b6 {[%emt 0:01:54] LiveBook: 119 Games} 6. Bc4 {[%emt 0:04:59] A48: 1 d4 Nf6 2 Nf3 g6: Torre, London and Colle Systems} (6. Be2 Bb7 7. O-O O-O 8. h3 d6 9. Bh2 Nbd7 10. a4 Qc7 11. Nbd2 a6 12. Qb3 Bc6 13. c4 e6 14. Rfd1 Rfd8 15. Rac1 Rab8 16. Nb1 Ne4 17. d5 exd5 18. cxd5 Bb7 19. Nfd2 Nxd2 20. Rxd2 {0-1 (55) Bruzon Batista,L (2698)-Radjabov,T (2733) Tromsoe 2013}) 6... O-O 7. Nbd2 Bb7 8. O-O d6 9. dxc5 $146 ({Predecessor:} 9. Re1 Nbd7 10. h3 a6 11. a4 Qc7 12. Qb3 Bc6 13. Ng5 e6 14. Bxe6 fxe6 15. Qxe6+ {0-1 (45) Chojnacki,S (2237)-Troyke,C (2348) Katowice 2017}) 9... bxc5 10. Qc2 e5 $1 11. Bg3 e4 12. Ng5 d5 13. Be2 Nc6 14. Nb3 Qe7 15. Rad1 Rad8 16. Nh3 Bc8 17. Bb5 Qb7 18. Be2 Bxh3 19. gxh3 c4 20. Nd4 Nxd4 21. cxd4 Rc8 22. Rb1 Rfe8 (22... Qd7 $11) 23. Rfc1 Qd7 24. Kg2 (24. b3 $11) 24... Re6 {[%emt 0:03:21] [#]} 25. b3 $1 Rec6 26. bxc4 dxc4 $14 27. Be5 Qd5 28. Rb4 Nd7 29. Bxc4 Nxe5 30. dxe5 Qxe5 31. Qb3 Kh8 32. Rd1 Qg5+ 33. Kh1 Qf5 34. Kg1 Be5 35. Rd5 Rf6 36. Qc2 Bxh2+ 37. Kxh2 Qxd5 38. Bxd5 Rxc2 0-1

[Event "22nd Hoogeveen Open 2018"]
[Site "Hoogeveen"]
[Date "2018.10.21"]
[Round "2"]
[White "Minko, Dmitry"]
[Black "Hulshof, Peter"]
[Result "1/2-1/2"]
[ECO "B15"]
[WhiteElo "2011"]
[BlackElo "2168"]
[Annotator "NA"]
[PlyCount "30"]
[EventDate "2018.10.20"]
[EventType "swiss"]
[EventCountry "NED"]
[SourceTitle "playchess.com"]
[Source "ChessBase"]
[SourceQuality "1"]
[TimeControl "40/5400+30:1800+30"]

1. e4 g6 2. d4 Bg7 3. Nc3 c6 4. f4 d5 5. e5 Nh6 6. Nf3 f6 7. Be2 O-O 8. Be3 Bg4 {[%emt 0:01:09] LiveBook: 86 Games} 9. Nh4 Bxe2 10. Qxe2 fxe5 11. fxe5 e6 12. Nf3 Nf5 (12... c5 $5) 13. O-O-O Nd7 $14 14. Kb1 Nxe3 15. Qxe3 Qe7 1/2-1/2

[Event "22nd Hoogeveen Open 2018"]
[Site "Hoogeveen"]
[Date "2018.10.21"]
[Round "2"]
[White "Klaren, Duncan"]
[Black "Zarkovic, Mila"]
[Result "0-1"]
[ECO "B82"]
[WhiteElo "1950"]
[BlackElo "2213"]
[Annotator "NA"]
[PlyCount "104"]
[EventDate "2018.10.20"]
[EventType "swiss"]
[EventCountry "NED"]
[SourceTitle "playchess.com"]
[Source "ChessBase"]
[SourceQuality "1"]
[TimeControl "40/5400+30:1800+30"]

1. e4 c5 2. Nf3 d6 3. d4 cxd4 4. Nxd4 Nf6 5. Nc3 a6 6. f4 e6 7. Be3 b5 8. a3 Bb7 9. Bd3 {[%emt 0:00:23] B82: Sicilian Scheveningen: 6 f4} (9. Qf3 Nbd7 10. Bd3 h5 11. O-O-O Rc8 12. Rhe1 Rxc3 13. bxc3 Nc5 14. Nb3 Na4 15. Nc5 dxc5 16. Bxb5+ axb5 17. Rxd8+ Kxd8 {0-1 (38) Sek,K (2476)-Antipov,M (2616) Yaroslavl 2018}) 9... Nbd7 10. O-O {[%emt 0:03:38] LiveBook: 72 Games} Be7 11. Qe2 Rc8 12. Rae1 O-O 13. Kh1 Rxc3 14. bxc3 Nxe4 15. Rf3 $146 ({Reject} 15. Qh5 Ndf6 $17) (15. c4 $11 {and White has nothing to worry.}) ({Predecessor:} 15. Bxe4 Bxe4 {0-1 (31) Rios Parra,A (2323)-Barrientos,S (2480) Bagre 2018}) 15... Bh4 16. Bg1 Bxe1 ({Weaker is} 16... Nxc3 {[#]} 17. Bxh7+ $1 Kxh7 18. Rxc3 $11) 17. Bxe4 Bxe4 18. Qxe4 {[%emt 0:00:06] [#]} Bh4 $1 ({Worse is} 18... Qh4 19. Rh3 $16 (19. g3 Qg4 $11)) 19. Rh3 Nc5 20. Qf3 {[%emt 0:02:24] [#]} Bf6 $1 21. Qh5 h6 22. Be3 Qa5 23. Ne2 Ne4 24. Qf3 d5 25. f5 $19 Ng5 26. Bxg5 Bxg5 27. Rg3 exf5 28. Nd4 Qxa3 29. h3 Qc1+ 30. Kh2 Bf4 31. Nxf5 Bxg3+ 32. Qxg3 Qg5 33. Qe5 Rd8 34. Qc7 Qxf5 35. Qxd8+ Kh7 36. Qb6 Qe5+ 37. Kh1 Qxc3 38. Qxa6 Qxc2 39. Qxb5 Qe4 40. Qd7 Qe1+ 41. Kh2 Qe6 42. Qc7 d4 43. Qd8 Qe5+ 44. Kh1 Qf4 45. Kg1 Qe3+ 46. Kh2 d3 47. Qd5 Qf4+ 48. Kh1 d2 49. Kg1 Qe3+ 50. Kh2 Kg6 51. h4 Qe2 52. Qd6+ f6 0-1

[Event "22nd Hoogeveen Open 2018"]
[Site "Hoogeveen"]
[Date "2018.10.21"]
[Round "2"]
[White "Van Foreest, Machteld"]
[Black "Rakshitta, Ravi"]
[Result "0-1"]
[ECO "C45"]
[WhiteElo "1934"]
[BlackElo "2160"]
[Annotator "NA"]
[PlyCount "104"]
[EventDate "2018.10.20"]
[EventType "swiss"]
[EventCountry "NED"]
[SourceTitle "playchess.com"]
[Source "ChessBase"]
[SourceQuality "1"]
[TimeControl "40/5400+30:1800+30"]

1. e4 e5 2. Nf3 Nc6 3. d4 exd4 4. Nxd4 Nf6 5. Nxc6 bxc6 6. e5 Qe7 7. Qe2 Nd5 8. c4 Ba6 9. Nd2 g6 10. Nf3 {[%emt 0:00:15] C45: Scotch Game} Qb4+ 11. Kd1 Ne7 12. a3 $146 ({Predecessor:} 12. Qc2 c5 13. Bd3 Bg7 14. Re1 O-O 15. Qb3 Nc6 16. Bd2 Qb6 17. Qxb6 axb6 {0-1 (32) Jones,G (2668)-Kramnik,V (2803) Douglas 2017}) 12... Qb3+ 13. Qc2 Qxc2+ 14. Kxc2 c5 15. Bd3 Nc6 16. Re1 Bg7 17. Be3 O-O 18. Bxc5 Rfe8 19. Re2 (19. Rad1 $16) 19... Nxe5 20. Nxe5 Rxe5 21. Rxe5 Bxe5 22. Re1 d6 23. Be3 f5 24. f4 Bf6 25. b3 Bb7 26. g3 Re8 27. Kd2 Bb2 28. Bf2 Be4 29. Bxe4 fxe4 30. a4 a5 31. Kc2 Ba3 $1 32. Be3 $14 Bb4 33. Rd1 Kf7 34. Bd2 Bxd2 35. Kxd2 Rb8 36. Kc3 Ke6 37. Rd5 Ra8 38. Rd4 Kf5 39. h3 Re8 40. Rd5+ Ke6 41. Kd4 Kd7 42. Ke3 c5 43. Rd1 Kc6 44. g4 Rb8 45. Rb1 d5 46. cxd5+ Kxd5 47. Rd1+ Ke6 48. Rc1 Rb7 49. b4 Rxb4 {[%emt 0:00:00] Kxe4 [%clk 00:12:31] c4 [%clk 00:34:41] [%emt 00:09:44] Ke3 [%clk 00:09:46] Kd5 [%clk 00:22:06] [%emt 00:14:47]} 50. Rd1 {[%emt 0:00:00] Kc5 [%clk 00:22:31] [%emt 00:00:06] f5 [%clk 00:09:35] [%emt 00:01:07] gxf5 [%clk 00:22:59] [%emt 00:00:01] gxf5 [%clk 00:09:59] [%emt 00:00:06]} Rb8 {[%emt 0:00:00] Kf4 [%clk 00:08:57] [%emt 00:01:33] c3 [%clk 00:18:48] [%emt 00:01:49] Kg5 [%clk 00:06:26] [%emt 00:03:01] Kc4 [%clk 00:19:11] [%emt 00:00:06] f6 [%clk 00:04:58] [%emt 00:01:58] c2 [%clk 00:17:39] [%emt 00:02:02]} 51. Rf1 Rb7 {[%emt 0:08:12] Kf5 [%clk 00:02:04] [%emt 00:03:16]} 52. Rb1 {[%emt 0:00:00] Rf4+ [%clk 00:02:23] [%emt 00:00:10]} Kd5 {[%emt 0:02:36] f7 [%clk 00:01:40] [%emt 00:01:14] c1=Q [%clk 00:05:51] [%emt 00:00:08]} 0-1

[Event "22nd Hoogeveen Open 2018"]
[Site "Hoogeveen"]
[Date "2018.10.21"]
[Round "2"]
[White "De Vries, Emma"]
[Black "Clemens, Adrian"]
[Result "0-1"]
[ECO "B52"]
[WhiteElo "1905"]
[BlackElo "2153"]
[Annotator "NA"]
[PlyCount "60"]
[EventDate "2018.10.20"]
[EventType "swiss"]
[EventCountry "NED"]
[SourceTitle "playchess.com"]
[Source "ChessBase"]
[SourceQuality "1"]
[TimeControl "40/5400+30:1800+30"]

1. e4 c5 2. Nf3 d6 3. Bb5+ Bd7 4. Bxd7+ Nxd7 5. O-O Ngf6 6. Re1 Rc8 {[%emt 0:03:09] B52: Sicilian: Moscow Variation with 3...Bd7} (6... e6 7. c3 Be7 8. d4 O-O 9. Bg5 h6 10. Bxf6 Bxf6 11. Na3 cxd4 12. cxd4 Nb6 13. Rc1 d5 {½-½ (13) Vachier Lagrave,M (2796)-Nakamura,H (2780) Palma de Mallorca 2017}) 7. c3 e6 {[%emt 0:02:28] LiveBook: 7 Games} 8. d4 cxd4 9. cxd4 d5 10. Nc3 dxe4 11. Ng5 Be7 $146 ({Predecessor:} 11... Bb4 12. Qb3 Qb6 13. Bd2 Be7 14. Ngxe4 Qxb3 15. axb3 Nxe4 16. Rxe4 {½-½ (21) Wandzik,W (2404)-Jakubowski,K (2512) Katowice 2018}) 12. d5 (12. Qb3 $15) 12... Nxd5 13. Ncxe4 O-O 14. Qg4 N7f6 15. Qh3 h6 16. Nf3 Rc4 17. Nxf6+ Bxf6 18. Qg3 Qc7 19. Ne5 Bxe5 20. Qxe5 Qxe5 21. Rxe5 Rc2 $19 22. a3 Rfc8 23. Re1 a5 24. b3 R8c6 25. Be3 R6c3 26. b4 Nxe3 27. fxe3 axb4 28. axb4 Rb2 29. Rac1 Rxc1 30. Rxc1 Rxb4 0-1

[Event "22nd Hoogeveen Open 2018"]
[Site "Hoogeveen"]
[Date "2018.10.21"]
[Round "2"]
[White "Oord, Raymon"]
[Black "Pham, Khoi"]
[Result "1/2-1/2"]
[ECO "A01"]
[WhiteElo "1900"]
[BlackElo "2153"]
[Annotator "NA"]
[PlyCount "94"]
[EventDate "2018.10.20"]
[EventType "swiss"]
[EventCountry "NED"]
[SourceTitle "playchess.com"]
[Source "ChessBase"]
[SourceQuality "1"]
[TimeControl "40/5400+30:1800+30"]

1. b3 e5 2. Bb2 d6 3. e3 Nf6 4. c4 g6 5. d4 {[%emt 0:03:09] A01: Nimzowitsch-Larsen Opening} exd4 6. exd4 (6. Qxd4 Bg7 7. Nc3 O-O 8. Nf3 Nbd7 9. Be2 Nc5 10. Rd1 Ng4 11. Qf4 f5 12. Nd4 g5 {0-1 (30) Lagarde,M (2609)-Krasenkow,M (2631) Porticcio 2018}) 6... Bg7 7. Bd3 O-O 8. Ne2 Nc6 $146 ({Predecessor:} 8... d5 9. O-O Nc6 10. a3 Re8 11. Nd2 Bg4 12. f3 Bd7 {1-0 (37) Bahlke,W (2071)-Hamann,J (2138) Erlensee 2007}) 9. Nd2 Re8 10. O-O Bg4 11. f3 Bd7 12. Ne4 d5 13. Nxf6+ Qxf6 14. cxd5 Nb4 15. Be4 Bb5 16. Re1 {[%emt 0:13:05] [#]} ({Better is} 16. Rf2 $15) 16... Rad8 (16... Rxe4 $1 $17 17. fxe4 Nd3) 17. Ng3 Qb6 18. a4 Ba6 19. a5 Qb5 20. Ne2 f5 (20... Nxd5 $2 21. Ra4 $17) 21. Nc3 Qd7 22. Ba3 fxe4 23. Bxb4 exf3 24. Qxf3 Bxd4+ 25. Kh1 Qg7 26. Rad1 Rf8 27. Qh3 Rf5 28. Re7 Rf7 29. Qe6 Qf6 30. Qxf7+ Qxf7 31. Rxf7 Bxc3 32. Rf4 Bg7 33. Re4 Bb5 34. h3 Bc6 35. Re2 Bxd5 36. Red2 c6 37. Rd3 Re8 38. Re1 Rxe1+ 39. Bxe1 Kf7 40. Bf2 a6 41. Bc5 Bh6 42. b4 Ke6 43. Rd1 $16 Kd7 44. Kh2 Bf4+ 45. g3 Be5 46. Re1 Bf6 47. Rf1 Ke6 1/2-1/2

[Event "22nd Hoogeveen Open 2018"]
[Site "Hoogeveen"]
[Date "2018.10.21"]
[Round "2"]
[White "Kutchoukov, Daniel"]
[Black "Mellema, Andries"]
[Result "0-1"]
[ECO "C06"]
[WhiteElo "1882"]
[BlackElo "2140"]
[Annotator "NA"]
[PlyCount "102"]
[EventDate "2018.10.20"]
[EventType "swiss"]
[EventCountry "NED"]
[SourceTitle "playchess.com"]
[Source "ChessBase"]
[SourceQuality "1"]
[TimeControl "40/5400+30:1800+30"]

1. e4 e6 2. d4 d5 3. Nd2 Nf6 4. e5 Nfd7 5. Bd3 c5 6. c3 Nc6 7. Ne2 cxd4 8. cxd4 f6 9. exf6 Nxf6 10. Nf3 Bd6 11. O-O O-O 12. Bf4 Bxf4 13. Nxf4 Ne4 14. Qc1 Ng5 15. Nxg5 Qxg5 16. Ne2 Qf6 17. Qe3 e5 18. dxe5 {[%emt 0:10:26] LiveBook: 12 Games C06: French Tarrasch: 3...Nf6 4 e5 Nfd7 5 Bd3 main lines} Nxe5 19. Nd4 Bd7 20. Rac1 $146 ({Predecessor:} 20. Rad1 Rae8 21. Qd2 Re7 22. Be2 Qg6 23. f4 Bh3 24. Rf2 Ng4 25. Rf3 Re3 {½-½ (54) Radovanovic,D (2294)-Maksimovic,B (2406) Ikaros 2002}) 20... Kh8 21. Be2 Rae8 22. Qd2 Nc6 23. Nb3 Qg6 24. Bd3 Qd6 25. Rce1 Ne5 26. Be2 Bg4 27. Bxg4 Nxg4 28. g3 Rxe1 29. Rxe1 Nxf2 30. Qxf2 Rxf2 31. Kxf2 h6 32. Rd1 Qf6+ 33. Ke3 Qxb2 34. Rd2 Qe5+ 35. Kd3 Qe4+ 36. Kc3 Qc4+ 37. Kb2 b5 38. Rd4 Qe2+ 39. Rd2 Qe5+ 40. Kc2 a6 41. Rd4 a5 42. Rd2 a4 43. Nd4 b4 44. Ne2 Qe3 $19 45. Kd1 Qe4 46. Nc1 Qf3+ 47. Kc2 Qc3+ 48. Kd1 Qa1 49. Rd3 Qb1 50. Kd2 Qb2+ 51. Kd1 Qxh2 0-1

[Event "22nd Hoogeveen Open 2018"]
[Site "Hoogeveen"]
[Date "2018.10.21"]
[Round "2"]
[White "Brands, Kevin"]
[Black "De Boer, Bas"]
[Result "0-1"]
[ECO "B90"]
[WhiteElo "1862"]
[BlackElo "2102"]
[Annotator "NA"]
[PlyCount "66"]
[EventDate "2018.10.20"]
[EventType "swiss"]
[EventCountry "NED"]
[SourceTitle "playchess.com"]
[Source "ChessBase"]
[SourceQuality "1"]
[TimeControl "40/5400+30:1800+30"]

1. e4 c5 2. Nf3 d6 3. d4 cxd4 4. Nxd4 Nf6 5. Nc3 a6 6. Be3 e5 7. Nb3 Be6 8. f3 Be7 9. Qd2 O-O 10. O-O-O Nbd7 11. g4 b5 12. g5 Nh5 13. Kb1 {[%emt 0:03:44] B90: Sicilian Najdorf: Unusual White 6th moves, 6 Be3 Ng4 and 6 Be3 e5} Nb6 14. Na5 Rc8 15. Nd5 Nxd5 16. exd5 Bxd5 17. Qxd5 Qxa5 {[%emt 0:00:06] [#]} 18. Bh3 $146 ({Predecessor:} 18. c4 Nf4 19. Bxf4 exf4 20. cxb5 axb5 {½-½ (31) Leko,P (2679)-Giri,A (2762) Heraklio 2017}) 18... Rc4 19. Bg4 Nf4 20. Bxf4 Rxf4 21. Qb7 Ra4 22. Be6 $11 (22. Qxe7 {is a self mate.} Rxa2 23. c4 Qa4 24. Kc1 Qb3 25. Qxe5 dxe5 26. Rdg1 Qxb2+ 27. Kd1 Qd2#) 22... Bxg5 23. Rxd6 Rd4 24. Rxd4 exd4 25. Qd5 Qd2 26. Bh3 Rd8 27. Qe4 d3 28. cxd3 Bf6 29. d4 g6 30. Qc2 Rxd4 31. Rc1 Qf4 32. Qc8+ Kg7 33. Qc2 Rd2 0-1

[Event "22nd Hoogeveen Open 2018"]
[Site "Hoogeveen"]
[Date "2018.10.21"]
[Round "2"]
[White "Van der Hagen, Loek"]
[Black "Miedema, David"]
[Result "0-1"]
[ECO "C08"]
[WhiteElo "1820"]
[BlackElo "2379"]
[Annotator "NA"]
[PlyCount "122"]
[EventDate "2018.10.20"]
[EventType "swiss"]
[EventCountry "NED"]
[SourceTitle "playchess.com"]
[Source "ChessBase"]
[SourceQuality "1"]
[TimeControl "40/5400+30:1800+30"]

1. e4 e6 2. d4 d5 3. Nd2 c5 4. exd5 exd5 5. Bb5+ Nc6 6. Qe2+ Qe7 7. Ndf3 {[%emt 0:01:13] C08: French Tarrasch: 3...c5 4 exd5 exd5 sidelines} (7. dxc5 Qxe2+ 8. Nxe2 Bxc5 9. Nb3 Bb6 10. Ned4 Bd7 11. Be3 Nf6 12. O-O-O O-O 13. Be2 Ne5 14. Bf4 Nc4 15. Bf3 a5 16. Kb1 a4 17. Nc1 Ne4 18. Bxe4 dxe4 {½-½ (65) Paveto,K (2424)-Santiago,Y (2414) Neuquen 2015}) 7... Qxe2+ 8. Nxe2 a6 9. Bxc6+ bxc6 10. Ne5 $146 ({Predecessor:} 10. O-O Nf6 11. Re1 Bd6 12. Ng3+ Kf8 13. c3 g6 14. Bh6+ Kg8 {1-0 (26) Muniz Rubiera,D-Baragano Campa,J Asturias 2001}) 10... Bf5 11. c3 Rc8 12. b3 f6 13. Nf3 Be4 14. Ba3 Bxf3 15. gxf3 cxd4 16. Bxf8 Kxf8 17. Nxd4 c5 18. Ne6+ Kf7 19. Nf4 Ne7 20. O-O-O Rhd8 21. Kb1 g5 22. Ng2 d4 23. Kb2 Rd5 24. Rd2 dxc3+ 25. Kxc3 Rf5 26. Rd3 Nd5+ 27. Kb2 c4 28. bxc4 Rxc4 29. Rhd1 Nb6 30. Ka1 Rfc5 31. Ne3 Rh4 32. Nf1 Na4 $17 33. Rd8 Rhc4 34. Nd2 Rc2 35. Nb3 R5c4 36. R8d2 Kg6 37. Rxc2 Rxc2 38. Rd2 Rc3 39. Rd4 Nc5 40. Nxc5 Rxc5 41. Kb2 h5 42. h3 Re5 43. Kc3 Re2 44. Rd2 Rxd2 45. Kxd2 Kf5 46. Ke3 a5 47. a4 Ke5 48. f4+ gxf4+ 49. Kd3 Kd5 50. h4 Kc5 51. f3 Kb4 52. Ke4 Kxa4 53. Kf5 Kb5 54. Kg6 a4 55. Kxh5 a3 56. Kg6 a2 57. h5 a1=Q 58. h6 Qg1+ 59. Kf7 Qh1 60. Kg7 Qxf3 61. h7 Qh5 0-1